 Dungeon Crawl Stone Soup version 0.31-a0-175-g9f7f995f2b (webtiles) character file.

Game seed: 4045187210090689266

103338 qw the Severer (level 16, -11/101 HPs)
             Began as a Gargoyle Fighter on June 16, 2023.
             Was an Elder of Okawaru.
             Mangled by a salamander
             ... wielding a +0 trident
              (15 damage)
             ... on level 2 of the Snake Pit.
             The game lasted 00:13:32 (25053 turns).

qw the Severer (Gargoyle Fighter)                  Turns: 25053, Time: 00:13:32

Health: -11/101    AC: 47    Str: 37    XL:     16   Next: 35%
Magic:  23/23      EV:  9    Int:  9    God:    Okawaru [****..]
Gold:   421        SH: 20    Dex: 10    Spells: 15/15 levels left

rFire   . . .        Y - +0 broad axe
rCold   . . .        E - +0 tower shield
rNeg    + . .        F - +6 chain mail "Goastrom" {rCorr Str+3 Dex+3 SInv}
rPois   inf          i - +2 helmet
rElec   +            u - scarf {repulsion}
rCorr   +            b - +2 pair of gloves {hurl}
SInv    +            (no boots)
Will    +....        o - amulet of faith Stlth
                     h - +4 ring of protection
HPRegen 0.36/turn    v - +4 ring of protection
MPRegen 0.18/turn

%: repel missiles, faith
@: heroic, flying, constricted
A: sickness immunity, AC +12, big wings, negative energy resistance 1,
electricity resistance, torment resistance 1, petrification resistance, hooves
1, strong 2
a: Renounce Religion, Heroism, Finesse


You were on level 2 of the Snake Pit.
You worshipped Okawaru.
Okawaru was greatly pleased with you.
You visited 4 branches of the dungeon, and saw 24 of its levels.

You collected 2404 gold pieces.
You spent 1983 gold pieces at shops.


Innate Abilities, Weirdness & Mutations

You are immune to sickness and miasma.
Your stone body is resilient. (AC +12)
You are immune to poison.
Your large and strong wings let you fly.
You resist negative energy. (rN+)
You are resistant to electric shocks. (rElec)
You are resistant to unholy torment.
You are immune to petrification.
You have large cloven feet.
Your muscles are very strong. (Str +8, Int/Dex -2)


   Skills:
 - Level 12.0(17.0) Fighting
 - Level 16.7(21.7) Axes
 - Level 5.0(10.0) Throwing
 - Level 11.0(16.0) Armour
 - Level 3.0(8.0) Dodging
 + Level 15.6(20.6) Shields
 - Level 10.0 Invocations


You had 15 spell levels left.
You didn't know any spells.
Your spell library was empty.

Inventory:

Hand Weapons
 c - the +8 hand axe "Rakhiogi" {holy, rC++}
   (Okawaru gifted it to you on level 14 of the Dungeon)

   rC:        It greatly protects you from cold.
 B - a +0 hand axe of flaming
 Y - a +0 broad axe (weapon)
Missiles
 s - 16 boomerangs
 t - 2 silver javelins (quivered)
 A - a javelin
Armour
 b - a +2 pair of gloves of hurling (worn)
 i - a +2 helmet (worn)
 q - a +0 cloak
 u - a scarf of repulsion (worn)
 D - a +1 plate armour of cold resistance
 E - a +0 tower shield (worn)
 F - the +6 chain mail "Goastrom" (worn) {rCorr Str+3 Dex+3 SInv}
   (You bought it in a shop on level 2 of the Orcish Mines)

   Str:       It affects your strength (+3).
   Dex:       It affects your dexterity (+3).
   SInv:      It lets you see invisible.
   rCorr:     It protects you from acid and corrosion.
Jewellery
 g - a ring of resist corrosion
 h - a +4 ring of protection (left hand)
 o - an amulet of faith (around neck)
 v - a +4 ring of protection (right hand)
 y - a ring of protection from fire
 C - a ring of protection from fire
 H - an amulet of reflection
Wands
 e - a wand of digging (10)
Scrolls
 f - 3 scrolls of identify
Potions
 d - 2 potions of might
 j - 4 potions of cancellation
 k - a potion of lignification
 l - a potion of haste
 n - 2 potions of resistance
 p - 4 potions of mutation
 r - 2 potions of attraction
 x - 4 potions of curing

Dungeon Overview and Level Annotations

Branches:
Dungeon (15/15)            Temple (0/1) D:4            Lair (5/5) D:8
  Swamp (0/4) Lair:2        Snake (2/4) Lair:3        Slime (0/5) Lair:4
    Orc (2/2) D:10            Elf (0/3) Orc:2        Vaults (0/5) D:13
 Depths (0/4) D:15

Altars:
Ashenzari
Dithmenos
Elyvilon
Kikubaaqudgha
Makhleb
Nemelex Xobeh
Okawaru
Sif Muna
Trog
Vehumet
Xom
The Shining One
Jiyva

Shops:
D:4 *   D:7 *   D:8 ((   D:11 ((   D:13 *   Orc:2 (*[=

Annotations:
D:4 2 transporters
D:5 3 runed translucent doors, qw's ghost, novice GrFi; qw's ghost, novice GrHu
D:6 1 runed translucent door, Crazy Yiuf
D:11 2 transporters
D:13 1 runed translucent door, Gasan's ghost, journeyman DrFE
Lair:3 3 runed translucent doors, qw's ghost, journeyman GrFi
Lair:5 1 runed translucent door
Snake:2 Aizul


Message History

Aizul coils herself and waves her upper body at you.
The bolt of poison hits you but does no damage.
You resist. You block the salamander's attack.
The black mamba closely misses you.
The nagaraja gestures at you while chanting.
The bolt of poison hits you but does no damage.
You resist. The nagaraja constricts you. The black mamba barely misses you.
You closely miss the nagaraja.
The nagaraja is severely wounded.
You slice the black mamba!!
You kill the black mamba!
Okawaru accepts your kill.
You closely miss the black mamba. You miss Aizul.
You barely miss the mana viper. You slash the naga ritualist!
The black mamba bites you but does no damage.
The naga ritualist spits poison at you.
The splash of poison hits you but does no damage.
You resist. Aizul barely misses you. You block the salamander's attack.
You completely miss the nagaraja. Your kick misses the nagaraja.
The nagaraja is severely wounded.
You hit the naga ritualist but do no damage.
You barely miss the black mamba. You closely miss the mana viper.
You slice Aizul!! You slash the black mamba!
The black mamba closely misses you. You block the black mamba's attack.
You block the mana viper's attack. Aizul hits you but does no damage.
The nagaraja hits you with a +0 whip of holy wrath!
The nagaraja constricts you! You block the naga ritualist's attack.
You hit the nagaraja but do no damage. Your kick misses the nagaraja.
The nagaraja is severely wounded.
You closely miss Aizul. You barely miss the black mamba.
You slice the naga ritualist!!
You kill the naga ritualist!
Okawaru accepts your kill.
You closely miss the black mamba. You slash the mana viper!
You block the black mamba's attack.
The black mamba bites you but does no damage.
You block the mana viper's attack. Aizul closely misses you.
The salamander hits you from afar with a +0 trident.
You are engulfed in flames!
You die...

###########
#.....^....
#.8.....8..
#..SS......
#..@)......
#.SSN......
.....N..>....
#............$
#....8.....8..
####.....(....
..........#
............


You could see Aizul, a nagaraja, a salamander, a mana viper and 2 black mambas.

Vanquished Creatures
  Jorgrun (D:12)
  Gastronok (D:8)
  Kirke (D:13)
  Roxanne (D:14)
  An orc warlord (Orc:2)
  An ettin (D:15)
  Josephine (D:12)
  A fire dragon (D:14)
  6 hydras
  5 vault guards (D:13)
  A catoblepas (D:15)
  6 centaur warriors
  A death knight (D:15)
  An ogre mage (D:13)
  2 tengu warriors (D:15)
  4 anacondas
  A naga warrior (Snake:2)
  7 two-headed ogres
  2 boulder beetles
  An orc high priest (Orc:2)
  A hell knight (D:15)
  A salamander mystic (Snake:2)
  Amaemon (Lair:1)
  2 skeletal warriors (D:15)
  3 skysharks
  A deep troll (D:15)
  A naga ritualist (Snake:2)
  A wizard (D:15)
  A lindwurm (Lair:5)
  2 deep elf pyromancers (D:14)
  A deep elf archer (D:13)
  4 orc knights (Orc:2)
  5 orc sorcerers
  A wolf spider (D:15)
  A mana viper (Snake:2)
  A salamander (Snake:1)
  5 cyclopes
  17 elephants
  3 manticores
  17 ugly things
  14 black mambas
  An orange demon (Lair:1)
  5 naga magi
  A guardian serpent (Snake:2)
  5 torpor snails (Lair:5)
  Maurice (D:12)
  11 cane toads
  A gargoyle (D:13)
  2 rime drakes
  2 efreet (D:13)
  4 kobold demonologists
  7 komodo dragons
  A freezing wraith (D:15)
  3 trolls
  A polar bear (Lair:5)
  4 tyrant leeches (Lair:5)
  6 hornets (Lair:5)
  11 blink frogs
  14 slime creatures
  2 shadows (D:11)
  8 wraiths
  3 basilisks
  A vampire (D:9)
  46 yaks
  4 wyverns
  A human (D:13)
  4 hogs (D:13)
  3 vampire mosquitoes (D:13)
  5 steam dragons
  5 wargs
  11 nagas
  4 acid dragons
  18 water moccasins
  25 orc warriors
  A sky beast (D:7)
  4 black bears
  An ice beast (D:4)
  6 ogres
  11 wolves
  8 centaurs
  2 phantoms
  2 kobold brigands
  16 bullfrogs
  Blork the orc (Orc:2)
  A gnoll sergeant (D:11)
  5 scorpions
  9 wights (D:8)
  4 killer bees (D:11)
  2 vampire bats (D:5)
  2 electric eels (Lair:2)
  11 howler monkeys
  3 lava snakes (Lair:2)
  4 hounds
  A jelly (D:7)
  14 orc priests
  A gnoll bouda (D:8)
  A sleepcap (D:4)
  Jessica (D:2)
  2 iguanas (D:4)
  19 orc wizards
  Robin (D:3)
  10 adders
  8 gnolls
  2 shadow imps (D:7)
  3 white imps
  2 ufetubi
  3 worms
  2 dart slugs
  78 orcs
  A bat skeleton (D:5)
  5 bat zombies (D:5)
  3 endoplasms
  2 giant cockroaches
  17 goblins
  13 hobgoblins
  15 kobolds
  3 quokkas
  5 ball pythons
  8 bats
  2 frilled lizards
  3 rats
666 creatures vanquished.

Vanquished Creatures (others)
  An ogre mage (D:15)
  A wizard (D:15)
  A centaur (D:8)
3 creatures vanquished.

Grand Total: 669 creatures vanquished

Notes
Turn   | Place    | Note
-------+----------+-------------------------------------------
     0 | D:1      | qw the Gargoyle Fighter began the quest for the Orb.
     0 | D:1      | Reached XP level 1. HP: 14/14 MP: 1/1
     0 | D:1      | 0 ||| qw: Version: 0.2-a-29-g511e9b1
     0 | D:1      | 0 ||| qw: Game counter: 5878
     0 | D:1      | 0 ||| qw: Always use a shield: true
     0 | D:1      | 0 ||| qw: God list: Okawaru
     0 | D:1      | 0 ||| qw: Allow faded altars: false
     0 | D:1      | 0 ||| qw: Do Orc after D:15 true
     0 | D:1      | 0 ||| qw: Do second Lair branch before Depths: true
     0 | D:1      | 0 ||| qw: Lair rune preference: random
     0 | D:1      | 0 ||| qw: Plans: Normal, Zot:1-4, Slime:5, God:TSO, Crypt,
                  | Tomb, Abyss, Pan, Hells, Win
     0 | D:1      | 0 ||| PLANNING D:1-11
    84 | D:1      | Reached skill level 2 in Axes
   106 | D:1      | 106 ||| DROPPING +0 whip.
   176 | D:1      | Reached XP level 2. HP: 19/19 MP: 2/2
   451 | D:1      | 451 ||| Stepping ~*~*~tactically~*~*~ (hiding).
   936 | D:1      | 936 ||| UPGRADING to +4 ring of protection.
   937 | D:1      | 937 ||| READING 2 scrolls labelled SEULOU ADOPH.
   938 | D:1      | 938 ||| READING 2 scrolls labelled FEEM XEYCRITUV.
   939 | D:1      | 939 ||| DROPPING scroll of vulnerability.
  1030 | D:2      | Reached skill level 3 in Axes
  1124 | D:2      | Reached XP level 3. HP: 19/23 MP: 3/3
  1171 | D:2      | Noticed Jessica
  1176 | D:2      | Killed Jessica
  1177 | D:2      | Reached XP level 4. HP: 25/28 MP: 4/4
  1255 | D:2      | 1255 ||| Stepping ~*~*~tactically~*~*~ (stealth).
  1256 | D:2      | 1256 ||| Stepping ~*~*~tactically~*~*~ (stealth).
  1257 | D:2      | 1257 ||| Stepping ~*~*~tactically~*~*~ (stealth).
  1349 | D:2      | Reached skill level 4 in Axes
  1490 | D:2      | 1490 ||| Stepping ~*~*~tactically~*~*~ (stealth).
  1761 | D:2      | 1761 ||| Stepping ~*~*~tactically~*~*~ (stealth).
  1791 | D:2      | 1791 ||| UPGRADING to +0 plate armour.
  1801 | D:2      | 1801 ||| DROPPING +0 scale mail.
  1802 | D:2      | 1802 ||| UPGRADING to +1 helmet.
  1807 | D:2      | 1807 ||| READING 3 scrolls labelled IXKUTATECU.
  1808 | D:2      | 1808 ||| READING scroll labelled RYKHLO POKYZXUO.
  1808 | D:2      | Identified a scroll of acquirement
  1808 | D:2      | 1808 ||| ACQUIRING +2 pair of gloves of hurling
  1808 | D:2      | Acquired a +2 pair of gloves of hurling
  1810 | D:2      | 1810 ||| UPGRADING to +2 pair of gloves of hurling.
  1815 | D:2      | 1815 ||| DRINKING 2 brown potions.
  1919 | D:2      | 1919 ||| DROPPING potion of berserk rage.
  1920 | D:2      | 1920 ||| DROPPING 2 scrolls of fog.
  1942 | D:3      | Noticed Robin
  1964 | D:3      | Killed Robin
  2037 | D:3      | Reached XP level 5. HP: 32/32 MP: 5/5
  2109 | D:3      | 2109 ||| Stepping ~*~*~tactically~*~*~ (stealth).
  2215 | D:3      | 2215 ||| Stepping ~*~*~tactically~*~*~ (stealth).
  2232 | D:3      | 2232 ||| Stepping ~*~*~tactically~*~*~ (stealth).
  2303 | D:3      | Found an iron altar of Okawaru.
  2303 | D:3      | Found a glowing golden altar of the Shining One.
  2304 | D:3      | 2304 ||| PLANNING OKAWARU WORSHIP
  2310 | D:3      | 2310 ||| READING scroll labelled QIYNIN FEOBB.
  2313 | D:3      | 2313 ||| READING 2 scrolls of identify.
  2313 | D:3      | 2313 ||| IDENTIFYING fuming inky potion
  2314 | D:3      | 2314 ||| Stepping randomly (stuck).
  2315 | D:3      | 2315 ||| PLANNING D:1-11
  2355 | D:3      | Found a broken altar of Ashenzari.
  2355 | D:3      | Found a white marble altar of Elyvilon.
  2417 | D:3      | Found a sparkling altar of Nemelex Xobeh.
  2420 | D:3      | Found a bloodstained altar of Trog.
  2421 | D:3      | 2421 ||| PLANNING OKAWARU WORSHIP
  2431 | D:3      | Became a worshipper of Warmaster Okawaru
  2432 | D:3      | 2432 ||| PLANNING D:1-11
  2546 | D:3      | Reached skill level 5 in Axes
  2954 | D:3      | 2954 ||| UPGRADING to ring of protection from fire.
  2955 | D:3      | 2955 ||| READING scroll labelled LINKATH PUACA.
  2956 | D:3      | 2956 ||| READING 2 scrolls of identify.
  2956 | D:3      | 2956 ||| IDENTIFYING metallic clear potion
  3032 | D:4      | Found a transporter.
  3047 | D:4      | Found a staircase to the Ecumenical Temple.
  3100 | D:4      | 3100 ||| DROPPING +0 mace.
  3167 | D:4      | Found a transporter.
  3361 | D:4      | Reached XP level 6. HP: 22/38 MP: 6/6
  3446 | D:4      | Noticed an ice beast
  3466 | D:4      | Killed an ice beast
  3485 | D:4      | Found Hueze's Assorted Antiques.
  3492 | D:4      | 3492 ||| BUYING 2 scrolls labelled ENIUCO XULO (44 gold).
  3492 | D:4      | Bought 2 scrolls labelled ENIUCO XULO for 44 gold pieces
  3492 | D:4      | 3492 ||| BUYING clear potion (19 gold).
  3492 | D:4      | Bought a clear potion for 19 gold pieces
  3492 | D:4      | 3492 ||| BUYING potion of heal wounds (110 gold).
  3492 | D:4      | Bought a potion of heal wounds for 110 gold pieces
  3492 | D:4      | 3492 ||| SHOPLISTING puce potion (19 gold, have 4).
  3492 | D:4      | 3492 ||| SHOPLISTING scroll labelled RICKUTAELL (22 gold,
                  | have 4).
  3492 | D:4      | 3492 ||| SHOPLISTING scroll labelled VEPTOV ZYBUTH (22
                  | gold, have 4).
  3711 | D:4      | 3711 ||| READING scroll labelled VUWAILLIST.
  3712 | D:4      | 3712 ||| READING 3 scrolls labelled ENIUCO XULO.
  3713 | D:4      | 3713 ||| READING scroll labelled SENEIN NUISCH.
  3714 | D:4      | 3714 ||| READING scroll labelled VEPTOV ZYBUTH.
  3715 | D:4      | 3715 ||| DROPPING 2 scrolls of amnesia.
  3743 | D:5      | Entered Level 5 of the Dungeon
  3768 | D:5      | HP: 4/38 [orc priest/divine providence (15)]
  3769 | D:5      | 3769 ||| DRINKING 2 potions of heal wounds.
  3771 | D:5      | Reached * piety under Okawaru
  3772 | D:5      | Reached skill level 6 in Axes
  3772 | D:5      | Reached XP level 7. HP: 26/43 MP: 7/7
  3909 | D:5      | 3909 ||| Stepping ~*~*~tactically~*~*~ (hiding).
  3916 | D:5      | Reached skill level 1 in Invocations
  3927 | D:5      | 3927 ||| Stepping ~*~*~tactically~*~*~ (stealth).
  3929 | D:5      | 3929 ||| Stepping ~*~*~tactically~*~*~ (stealth).
  3931 | D:5      | 3931 ||| INVOKING Heroism.
  3937 | D:5      | Reached skill level 1 in Throwing
  3985 | D:5      | 3985 ||| INVOKING Heroism.
  3995 | D:5      | Reached skill level 3 in Invocations
  4061 | D:5      | Reached XP level 8. HP: 48/48 MP: 10/10
  4063 | D:5      | 4063 ||| Stepping ~*~*~tactically~*~*~ (hiding).
  4225 | D:5      | Found a radiant altar of Vehumet.
  4380 | D:5      | Found a runed translucent gate.
  4380 | D:5      | Found a runed translucent gate.
  4381 | D:5      | Found a runed translucent gate.
  4385 | D:5      | Noticed qw's ghost (novice GrFi)
  4385 | D:5      | Noticed qw's ghost (novice GrHu)
  4545 | D:5      | 4545 ||| Stepping ~*~*~tactically~*~*~ (stealth).
  4590 | D:5      | Reached skill level 7 in Axes
  4788 | D:5      | 4788 ||| Stepping ~*~*~tactically~*~*~ (stealth).
  4789 | D:5      | 4789 ||| Stepping ~*~*~tactically~*~*~ (stealth).
  4791 | D:5      | 4791 ||| Stepping ~*~*~tactically~*~*~ (stealth).
  4792 | D:5      | 4792 ||| Stepping ~*~*~tactically~*~*~ (stealth).
  4800 | D:5      | 4800 ||| Stepping ~*~*~tactically~*~*~ (stealth).
  4804 | D:5      | Found an ancient bone altar of Kikubaaqudgha.
  5611 | D:6      | Found a shimmering blue altar of Sif Muna.
  5645 | D:6      | 5645 ||| STAIRDANCE
  5656 | D:5      | 5656 ||| INVOKING Heroism.
  5659 | D:5      | Reached ** piety under Okawaru
  5660 | D:5      | Reached skill level 1 in Dodging
  5763 | D:6      | 5763 ||| STAIRDANCE
  6080 | D:6      | 6080 ||| DROPPING +1 hammer of protection.
  6083 | D:6      | Found a runed translucent door.
  6084 | D:6      | Noticed Crazy Yiuf
  6186 | D:6      | 6186 ||| Stepping ~*~*~tactically~*~*~ (stealth).
  6538 | D:6      | 6538 ||| Stepping ~*~*~tactically~*~*~ (hiding).
  6539 | D:6      | 6539 ||| Stepping ~*~*~tactically~*~*~ (hiding).
  6574 | D:6      | 6574 ||| INVOKING Heroism.
  6583 | D:6      | Reached skill level 8 in Axes
  6831 | D:6      | 6831 ||| DROPPING orb of wrath.
  6832 | D:6      | 6832 ||| UPGRADING to scarf of repulsion.
  6837 | D:6      | 6837 ||| DROPPING ring of wizardry.
  6838 | D:6      | 6838 ||| READING scroll labelled ZIOPIU IZUMITE.
  6939 | D:6      | 6939 ||| DRINKING 2 smoky ruby potions.
  6939 | D:6      | Gained mutation: Your muscles are strong. (Str +4, Int/Dex
                  | -1) [potion of mutation]
  6939 | D:6      | Gained mutation: You have large cloven feet. [potion of
                  | mutation]
  6939 | D:6      | Gained mutation: Your muscles are very strong. (Str +8,
                  | Int/Dex -2) [potion of mutation]
  6940 | D:6      | 6940 ||| DRINKING 2 bubbling sapphire potions.
  6941 | D:6      | 6941 ||| DRINKING 2 clear potions.
  6986 | D:7      | 6986 ||| INVOKING Heroism.
  6992 | D:7      | Reached XP level 9. HP: 54/54 MP: 9/12
  7031 | D:7      | 7031 ||| Stepping ~*~*~tactically~*~*~ (hiding).
  7164 | D:7      | Reached skill level 6 in Fighting
  7185 | D:7      | Found a shimmering altar of Xom.
  7286 | D:7      | 7286 ||| Stepping ~*~*~tactically~*~*~ (hiding).
  7287 | D:7      | 7287 ||| Stepping ~*~*~tactically~*~*~ (hiding).
  7506 | D:7      | 7506 ||| DRINKING potion of curing.
  7506 | D:7      | 7506 ||| (to cure confusion)
  7589 | D:7      | 7589 ||| INVOKING Heroism.
  7703 | D:7      | Found Liggac's Island Escapes.
  7922 | D:7      | 7922 ||| READING 2 scrolls of identify.
  7922 | D:7      | 7922 ||| IDENTIFYING inky potion
  7941 | D:8      | Found Awuluac's Antique Weapon Emporium.
  7946 | D:8      | 7946 ||| INVOKING Heroism.
  7953 | D:8      | Reached skill level 9 in Axes
  7954 | D:8      | Found a flagged portal.
  7969 | D:8      | 7969 ||| INVOKING Heroism.
  7986 | D:8      | 7986 ||| INVOKING Heroism.
  7995 | D:8      | HP: 8/57 [orc priest/divine providence (12)]
  7996 | D:8      | 7996 ||| READING 3 scrolls of teleportation.
  7997 | D:8      | 7997 ||| DRINKING potion of heal wounds.
  7999 | D:8      | Reached *** piety under Okawaru
  8000 | D:8      | Reached skill level 6 in Armour
  8014 | D:8      | Reached XP level 10. HP: 45/63 MP: 13/13
  8022 | D:8      | 8022 ||| FLEEEEING.
  8023 | D:8      | 8023 ||| FLEEEEING.
  8024 | D:8      | 8024 ||| STAIRDANCE
  8075 | D:8      | 8075 ||| Stepping ~*~*~tactically~*~*~ (hiding).
  8137 | D:8      | 8137 ||| BUYING runed war axe (201 gold).
  8137 | D:8      | Bought a runed war axe for 201 gold pieces
  8137 | D:8      | 8137 ||| UPGRADING to +3 war axe of freezing.
  8138 | D:8      | 8138 ||| DROPPING +0 war axe.
  8152 | D:8      | 8152 ||| Stepping ~*~*~tactically~*~*~ (stealth).
  8154 | D:8      | Found a staircase to the Lair.
  8157 | D:8      | 8157 ||| Stepping ~*~*~tactically~*~*~ (stealth).
  8158 | D:8      | 8158 ||| Stepping ~*~*~tactically~*~*~ (stealth).
  8208 | D:8      | 8208 ||| INVOKING Heroism.
  8222 | D:8      | Noticed a two-headed ogre
  8226 | D:8      | 8226 ||| INVOKING Heroism.
  8234 | D:8      | Killed a two-headed ogre
  8234 | D:8      | Received a gift from Okawaru
  8235 | D:8      | Reached skill level 10 in Axes
  8360 | D:8      | Found Saboe's Antique Weapon Shoppe.
  8368 | D:8      | Noticed Gastronok
  8369 | D:8      | 8369 ||| Stepping ~*~*~tactically~*~*~ (hiding).
  8372 | D:8      | 8372 ||| Stepping ~*~*~tactically~*~*~ (hiding).
  8376 | D:8      | 8376 ||| INVOKING Heroism.
  8385 | D:8      | Killed Gastronok
  8385 | D:8      | Reached **** piety under Okawaru
  8386 | D:8      | Reached skill level 9 in Fighting
  8570 | D:8      | Found a shadowy altar of Dithmenos.
  8845 | D:8      | 8845 ||| PLANNING LAIR
  8865 | Lair:1   | Entered Level 1 of the Lair of Beasts
  8865 | Lair:1   | Noticed a black mamba
  8866 | Lair:1   | 8866 ||| INVOKING Heroism.
  8872 | Lair:1   | Reached skill level 3 in Throwing
  8877 | Lair:1   | Killed a black mamba
  8883 | Lair:1   | Received a gift from Okawaru
  8884 | Lair:1   | Reached XP level 11. HP: 58/71 MP: 13/15
  8898 | Lair:1   | 8898 ||| STAIRDANCE
  8944 | Lair:1   | 8944 ||| Stepping ~*~*~tactically~*~*~ (stealth).
  8946 | Lair:1   | 8946 ||| Stepping ~*~*~tactically~*~*~ (stealth).
  8949 | Lair:1   | 8949 ||| INVOKING Heroism.
  8956 | Lair:1   | Reached skill level 6 in Invocations
  8960 | Lair:1   | Received a gift from Okawaru
  9134 | Lair:1   | 9134 ||| INVOKING Heroism.
  9140 | Lair:1   | Reached ***** piety under Okawaru
  9150 | Lair:1   | Reached skill level 11 in Axes
  9169 | Lair:1   | 9169 ||| Stepping ~*~*~tactically~*~*~ (stealth).
  9321 | Lair:1   | Noticed Amaemon
  9322 | Lair:1   | 9322 ||| Stepping ~*~*~tactically~*~*~ (hiding).
  9327 | Lair:1   | 9327 ||| INVOKING Heroism.
  9332 | Lair:1   | Killed Amaemon
  9337 | Lair:1   | Received a gift from Okawaru
  9371 | Lair:1   | 9371 ||| INVOKING Heroism.
  9441 | Lair:1   | 9441 ||| INVOKING Heroism.
  9443 | Lair:1   | 9443 ||| Stepping ~*~*~tactically~*~*~ (stealth).
  9481 | Lair:1   | 9481 ||| Stepping ~*~*~tactically~*~*~ (stealth).
  9483 | Lair:1   | 9483 ||| Stepping ~*~*~tactically~*~*~ (stealth).
  9485 | Lair:1   | 9485 ||| Stepping ~*~*~tactically~*~*~ (stealth).
  9486 | Lair:1   | 9486 ||| INVOKING Heroism.
  9634 | Lair:1   | 9634 ||| Stepping ~*~*~tactically~*~*~ (stealth).
  9635 | Lair:1   | 9635 ||| Stepping ~*~*~tactically~*~*~ (stealth).
  9655 | Lair:1   | 9655 ||| INVOKING Heroism.
  9694 | Lair:1   | 9694 ||| DROPPING +0 flail.
  9762 | Lair:1   | 9762 ||| Stepping ~*~*~tactically~*~*~ (stealth).
  9764 | Lair:1   | 9764 ||| INVOKING Heroism.
  9771 | Lair:1   | Reached skill level 9 in Invocations
  9787 | Lair:1   | 9787 ||| Stepping ~*~*~tactically~*~*~ (stealth).
  9788 | Lair:1   | 9788 ||| Stepping ~*~*~tactically~*~*~ (stealth).
  9789 | Lair:1   | 9789 ||| Stepping ~*~*~tactically~*~*~ (stealth).
  9790 | Lair:1   | 9790 ||| Stepping ~*~*~tactically~*~*~ (stealth).
  9863 | Lair:1   | 9863 ||| INVOKING Heroism.
 10016 | Lair:1   | 10016 ||| READING scroll labelled JADGHE UTYFUFI.
 10017 | Lair:1   | 10017 ||| READING scroll labelled ZYTHRA NIGG.
 10018 | Lair:1   | 10018 ||| DRINKING 2 ruby potions.
 10019 | Lair:1   | 10019 ||| DROPPING potion of degeneration.
 10043 | Lair:2   | 10043 ||| INVOKING Heroism.
 10050 | Lair:2   | Received a gift from Okawaru
 10089 | Lair:2   | Reached XP level 12. HP: 66/76 MP: 19/19
 10180 | Lair:2   | 10180 ||| INVOKING Heroism.
 10243 | Lair:2   | 10243 ||| Stepping ~*~*~tactically~*~*~ (stealth).
 10244 | Lair:2   | 10244 ||| INVOKING Heroism.
 10277 | Lair:2   | 10277 ||| Stepping ~*~*~tactically~*~*~ (stealth).
 10329 | Lair:2   | 10329 ||| Stepping ~*~*~tactically~*~*~ (stealth).
 10332 | Lair:2   | 10332 ||| INVOKING Heroism.
 10437 | Lair:2   | Reached skill level 12 in Axes
 10456 | Lair:2   | 10456 ||| Stepping ~*~*~tactically~*~*~ (stealth).
 10458 | Lair:2   | 10458 ||| INVOKING Heroism.
 10462 | Lair:2   | 10462 ||| Stepping ~*~*~tactically~*~*~ (stealth).
 10494 | Lair:2   | 10494 ||| INVOKING Heroism.
 10524 | Lair:2   | 10524 ||| READING scroll of enchant armour.
 10524 | Lair:2   | 10524 ||| ENCHANTING +1 helmet.
 10552 | Lair:2   | Reached skill level 6 in Shields
 10723 | Lair:2   | Noticed a skyshark
 10734 | Lair:2   | Killed a skyshark
 10793 | Lair:2   | Found a staircase to the Swamp.
 11043 | Lair:2   | 11043 ||| READING scroll labelled RICKUTAELL.
 11232 | Lair:3   | 11232 ||| INVOKING Heroism.
 11254 | Lair:3   | 11254 ||| Stepping ~*~*~tactically~*~*~ (hiding).
 11256 | Lair:3   | 11256 ||| Stepping ~*~*~tactically~*~*~ (hiding).
 11390 | Lair:3   | Found a runed translucent gate.
 11390 | Lair:3   | Found a runed translucent gate.
 11391 | Lair:3   | Found a runed translucent gate.
 11486 | Lair:3   | Noticed an eight-headed hydra
 11487 | Lair:3   | 11487 ||| INVOKING Heroism.
 11491 | Lair:3   | 11491 ||| SWAPPING to +1 demon whip of venom.
 11494 | Lair:3   | Killed an eight-headed hydra
 11508 | Lair:3   | 11508 ||| UPGRADING to +3 war axe of freezing.
 11524 | Lair:3   | Found a shimmering altar of Xom.
 11695 | Lair:3   | Found a staircase to the Snake Pit.
 11855 | Lair:3   | Found a dark tunnel.
 11913 | Lair:3   | Noticed a ten-headed hydra
 11913 | Lair:3   | Noticed qw's ghost (journeyman GrFi)
 11914 | Lair:3   | Noticed a 13-headed hydra
 11936 | Lair:3   | 11936 ||| READING 2 scrolls of identify.
 11936 | Lair:3   | 11936 ||| IDENTIFYING white potion
 11986 | Lair:4   | 11986 ||| Stepping ~*~*~tactically~*~*~ (stealth).
 11997 | Lair:4   | Reached skill level 13 in Axes
 12012 | Lair:4   | Noticed an anaconda
 12015 | Lair:4   | Killed an anaconda
 12017 | Lair:4   | Received a gift from Okawaru
 12097 | Lair:4   | Reached skill level 9 in Armour
 12097 | Lair:4   | Reached XP level 13. HP: 75/82 MP: 20/20
 12301 | Lair:4   | Found a viscous altar of Jiyva.
 12302 | Lair:4   | Found a staircase to the Slime Pits.
 12345 | Lair:4   | 12345 ||| Stepping ~*~*~tactically~*~*~ (stealth).
 12346 | Lair:4   | 12346 ||| Stepping ~*~*~tactically~*~*~ (stealth).
 12348 | Lair:4   | 12348 ||| INVOKING Heroism.
 12391 | Lair:4   | 12391 ||| Stepping ~*~*~tactically~*~*~ (stealth).
 12811 | Lair:4   | 12811 ||| READING 2 scrolls of identify.
 12811 | Lair:4   | 12811 ||| IDENTIFYING emerald potion
 12812 | Lair:4   | 12812 ||| DROPPING potion of brilliance.
 12827 | Lair:5   | Entered Level 5 of the Lair of Beasts
 12828 | Lair:5   | 12828 ||| INVOKING Heroism.
 12829 | Lair:5   | 12829 ||| INVOKING Finesse.
 12899 | Lair:5   | 12899 ||| INVOKING Heroism.
 12900 | Lair:5   | 12900 ||| INVOKING Finesse.
 12917 | Lair:5   | Identified the +0 robe "Hunismih" {rN+} (Okawaru gifted it
                  | to you on level 5 of the Lair of Beasts)
 12917 | Lair:5   | Received a gift from Okawaru
 12918 | Lair:5   | Reached skill level 14 in Axes
 12941 | Lair:5   | 12941 ||| Stepping ~*~*~tactically~*~*~ (stealth).
 12945 | Lair:5   | 12945 ||| Stepping ~*~*~tactically~*~*~ (stealth).
 12965 | Lair:5   | 12965 ||| Stepping ~*~*~tactically~*~*~ (stealth).
 13005 | Lair:5   | 13005 ||| Stepping ~*~*~tactically~*~*~ (stealth).
 13073 | Lair:5   | 13073 ||| Stepping ~*~*~tactically~*~*~ (stealth).
 13124 | Lair:5   | 13124 ||| INVOKING Heroism.
 13125 | Lair:5   | 13125 ||| INVOKING Finesse.
 13131 | Lair:5   | 13131 ||| SWAPPING to +1 demon whip of venom.
 13133 | Lair:5   | 13133 ||| UPGRADING to +3 war axe of freezing.
 13188 | Lair:5   | 13188 ||| Stepping ~*~*~tactically~*~*~ (stealth).
 13198 | Lair:5   | 13198 ||| INVOKING Heroism.
 13267 | Lair:5   | 13267 ||| Stepping ~*~*~tactically~*~*~ (stealth).
 13269 | Lair:5   | 13269 ||| Stepping ~*~*~tactically~*~*~ (stealth).
 13296 | Lair:5   | 13296 ||| Stepping ~*~*~tactically~*~*~ (stealth).
 13314 | Lair:5   | 13314 ||| INVOKING Heroism.
 13323 | Lair:5   | HP: 11/84 [komodo dragon (21)]
 13323 | Lair:5   | HP: 1/84 [torpor snail (10)]
 13324 | Lair:5   | 13324 ||| READING 5 scrolls of teleportation.
 13325 | Lair:5   | 13325 ||| DRINKING 2 potions of heal wounds.
 13335 | Lair:5   | 13335 ||| Stepping ~*~*~tactically~*~*~ (stealth).
 13348 | Lair:5   | 13348 ||| Stepping ~*~*~tactically~*~*~ (stealth).
 13491 | Lair:5   | 13491 ||| Stepping ~*~*~tactically~*~*~ (stealth).
 13516 | Lair:5   | 13516 ||| INVOKING Heroism.
 13589 | Lair:5   | 13589 ||| Stepping ~*~*~tactically~*~*~ (stealth).
 13591 | Lair:5   | 13591 ||| Stepping ~*~*~tactically~*~*~ (stealth).
 14077 | Lair:5   | Found a runed translucent door.
 14078 | Lair:5   | Noticed a fire dragon
 14102 | Lair:5   | 14102 ||| INVOKING Heroism.
 14114 | Lair:5   | Gained mutation: Your large and strong wings let you fly.
                  | [Gargoyle growth]
 14114 | Lair:5   | Reached XP level 14. HP: 66/90 MP: 21/21
 14158 | Lair:5   | Reached skill level 15 in Axes
 14177 | Lair:5   | 14177 ||| FLEEEEING.
 14178 | Lair:5   | 14178 ||| FLEEEEING.
 14179 | Lair:5   | 14179 ||| FLEEEEING.
 14221 | Lair:5   | 14221 ||| Stepping ~*~*~tactically~*~*~ (stealth).
 14222 | Lair:5   | 14222 ||| Stepping ~*~*~tactically~*~*~ (stealth).
 14310 | Lair:5   | 14310 ||| FLEEEEING.
 14311 | Lair:5   | 14311 ||| FLEEEEING.
 14312 | Lair:5   | 14312 ||| FLEEEEING.
 14313 | Lair:5   | 14313 ||| FLEEEEING.
 14314 | Lair:5   | 14314 ||| FLEEEEING.
 14315 | Lair:5   | 14315 ||| FLEEEEING.
 14316 | Lair:5   | 14316 ||| FLEEEEING.
 14317 | Lair:5   | 14317 ||| FLEEEEING.
 14318 | Lair:5   | 14318 ||| FLEEEEING.
 14320 | Lair:5   | 14320 ||| FLEEEEING.
 14322 | Lair:5   | 14322 ||| INVOKING Heroism.
 14343 | Lair:5   | 14343 ||| Stepping ~*~*~tactically~*~*~ (stealth).
 14344 | Lair:5   | 14344 ||| Stepping ~*~*~tactically~*~*~ (stealth).
 14358 | Lair:5   | 14358 ||| INVOKING Heroism.
 14651 | Lair:5   | 14651 ||| UPGRADING to amulet of faith.
 14656 | Lair:5   | 14656 ||| PLANNING D:1-11
 14825 | D:9      | 14825 ||| Stepping ~*~*~tactically~*~*~ (hiding).
 14826 | D:9      | 14826 ||| Stepping ~*~*~tactically~*~*~ (hiding).
 14828 | D:9      | 14828 ||| Stepping ~*~*~tactically~*~*~ (hiding).
 14929 | D:9      | 14929 ||| Stepping ~*~*~tactically~*~*~ (hiding).
 14955 | D:9      | 14955 ||| INVOKING Heroism.
 15227 | D:9      | 15227 ||| Stepping ~*~*~tactically~*~*~ (stealth).
 15332 | D:9      | 15332 ||| READING scroll labelled XOERRE HISI.
 15333 | D:9      | 15333 ||| READING 2 scrolls of identify.
 15333 | D:9      | 15333 ||| IDENTIFYING grey potion
 15334 | D:9      | 15334 ||| DROPPING potion of invisibility.
 15349 | D:10     | Entered Level 10 of the Dungeon
 15376 | D:10     | Reached skill level 12 in Fighting
 15377 | D:10     | 15377 ||| Stepping ~*~*~tactically~*~*~ (stealth).
 15379 | D:10     | 15379 ||| Stepping ~*~*~tactically~*~*~ (stealth).
 15660 | D:10     | 15660 ||| Stepping ~*~*~tactically~*~*~ (stealth).
 15758 | D:10     | Found a staircase to the Orcish Mines.
 15781 | D:10     | 15781 ||| DROPPING +1 demon whip of venom.
 15786 | D:10     | 15786 ||| Stepping ~*~*~tactically~*~*~ (hiding).
 15800 | D:10     | 15800 ||| Stepping ~*~*~tactically~*~*~ (stealth).
 15801 | D:10     | 15801 ||| Stepping ~*~*~tactically~*~*~ (stealth).
 15802 | D:10     | 15802 ||| DROPPING +0 morningstar.
 15883 | D:10     | 15883 ||| Stepping ~*~*~tactically~*~*~ (stealth).
 16055 | D:10     | 16055 ||| Stepping ~*~*~tactically~*~*~ (hiding).
 16285 | D:10     | 16285 ||| UPGRADING to ring of see invisible.
 16287 | D:10     | 16287 ||| READING scroll labelled LIWALAIRUMA.
 16368 | D:11     | Found Jidghed's Weapon Boutique.
 16429 | D:11     | Found a transporter.
 16730 | D:11     | 16730 ||| UPGRADING to +0 broad axe.
 16731 | D:11     | 16731 ||| DROPPING +4 war axe of freezing.
 16853 | D:11     | Found Etwyoc's Weapon Emporium.
 16954 | D:11     | Found a transporter.
 17077 | D:11     | 17077 ||| READING scroll labelled KUAJUT MIPNE.
 17078 | D:11     | 17078 ||| READING 3 scrolls of identify.
 17078 | D:11     | 17078 ||| IDENTIFYING bubbling red potion
 17215 | D:11     | 17215 ||| STAIRDANCE
 17248 | D:11     | 17248 ||| Stepping randomly (stuck).
 17249 | D:11     | 17249 ||| PLANNING D
 17318 | D:12     | 17318 ||| FLEEEEING.
 17319 | D:12     | 17319 ||| FLEEEEING.
 17320 | D:12     | 17320 ||| FLEEEEING.
 17321 | D:12     | 17321 ||| FLEEEEING.
 17322 | D:12     | 17322 ||| FLEEEEING.
 17323 | D:12     | 17323 ||| FLEEEEING.
 17324 | D:12     | 17324 ||| FLEEEEING.
 17325 | D:12     | 17325 ||| FLEEEEING.
 17326 | D:12     | 17326 ||| FLEEEEING.
 17327 | D:12     | 17327 ||| FLEEEEING.
 17328 | D:12     | 17328 ||| FLEEEEING.
 17329 | D:12     | 17329 ||| STAIRDANCE
 17358 | D:12     | 17358 ||| Stepping ~*~*~tactically~*~*~ (hiding).
 17470 | D:12     | Noticed Josephine
 17471 | D:12     | 17471 ||| Stepping ~*~*~tactically~*~*~ (hiding).
 17475 | D:12     | Identified the +6 scale mail of Kesytoo {rPois Will+ Str+2
                  | Dex-2} (Okawaru gifted it to you on level 12 of the
                  | Dungeon)
 17475 | D:12     | Received a gift from Okawaru
 17486 | D:12     | Killed Josephine
 17576 | D:12     | 17576 ||| READING scroll of enchant armour.
 17576 | D:12     | 17576 ||| ENCHANTING +0 plate armour.
 17651 | D:12     | Noticed Jorgrun
 17652 | D:12     | 17652 ||| INVOKING Heroism.
 17653 | D:12     | 17653 ||| INVOKING Finesse.
 17671 | D:12     | Killed Jorgrun
 17865 | D:12     | 17865 ||| INVOKING Heroism.
 17866 | D:12     | 17866 ||| INVOKING Finesse.
 17924 | D:12     | Noticed Maurice
 17931 | D:12     | Killed Maurice
 18074 | D:12     | Reached skill level 16 in Axes
 18145 | D:12     | 18145 ||| INVOKING Heroism.
 18317 | D:12     | 18317 ||| DROPPING +6 scale mail of Kesytoo {rPois Will+
                  | Str+2 Dex-2}.
 18373 | D:13     | Noticed Kirke
 18374 | D:13     | 18374 ||| INVOKING Heroism.
 18375 | D:13     | 18375 ||| INVOKING Finesse.
 18393 | D:13     | Killed Kirke
 18395 | D:13     | Found Poeppeit's Practical Paraphernalia.
 18511 | D:13     | 18511 ||| INVOKING Heroism.
 18518 | D:13     | 18518 ||| INVOKING Finesse.
 18523 | D:13     | 18523 ||| SWAPPING to +0 hand axe of flaming.
 18531 | D:13     | 18531 ||| Stepping ~*~*~tactically~*~*~ (hiding).
 18534 | D:13     | 18534 ||| Stepping ~*~*~tactically~*~*~ (hiding).
 18535 | D:13     | 18535 ||| Stepping ~*~*~tactically~*~*~ (hiding).
 18737 | D:13     | 18737 ||| UPGRADING to +0 broad axe.
 18759 | D:13     | 18759 ||| BUYING +4 ring of protection (432 gold).
 18759 | D:13     | Bought a +4 ring of protection for 432 gold pieces
 18759 | D:13     | 18759 ||| BUYING ring of protection from fire (300 gold).
 18759 | D:13     | Bought a ring of protection from fire for 300 gold pieces
 18764 | D:13     | Found a runed translucent door.
 18765 | D:13     | Noticed Gasan's ghost (journeyman DrFE)
 18828 | D:13     | 18828 ||| DRINKING 5 potions of curing.
 18828 | D:13     | 18828 ||| (to cure confusion)
 18841 | D:13     | 18841 ||| INVOKING Heroism.
 18866 | D:13     | 18866 ||| INVOKING Heroism.
 18869 | D:13     | 18869 ||| DRINKING 4 potions of curing.
 18869 | D:13     | 18869 ||| (to cure confusion)
 19019 | D:13     | 19019 ||| INVOKING Heroism.
 19022 | D:13     | Paralysed by an orc sorcerer for 3 turns
 19142 | D:13     | Found a gate to the Vaults.
 19156 | D:13     | 19156 ||| INVOKING Heroism.
 19158 | D:13     | Reached XP level 15. HP: 56/96 MP: 19/22
 19281 | D:13     | 19281 ||| Stepping ~*~*~tactically~*~*~ (hiding).
 19346 | D:13     | 19346 ||| FLEEEEING.
 19347 | D:13     | 19347 ||| FLEEEEING.
 19348 | D:13     | 19348 ||| FLEEEEING.
 19349 | D:13     | 19349 ||| FLEEEEING.
 19350 | D:13     | 19350 ||| FLEEEEING.
 19351 | D:13     | 19351 ||| FLEEEEING.
 19352 | D:13     | 19352 ||| FLEEEEING.
 19358 | D:13     | 19358 ||| INVOKING Heroism.
 19908 | D:13     | 19908 ||| UPGRADING to +0 tower shield.
 19918 | D:13     | 19918 ||| DROPPING +0 buckler.
 19919 | D:13     | 19919 ||| DROPPING +6 ring of dexterity.
 19937 | D:14     | 19937 ||| INVOKING Heroism.
 19940 | D:14     | 19940 ||| SWAPPING to +0 hand axe of flaming.
 20037 | D:14     | 20037 ||| UPGRADING to +0 broad axe.
 20067 | D:14     | 20067 ||| INVOKING Heroism.
 20069 | D:14     | Reached skill level 9 in Shields
 20235 | D:14     | 20235 ||| Stepping ~*~*~tactically~*~*~ (hiding).
 20238 | D:14     | 20238 ||| Stepping ~*~*~tactically~*~*~ (hiding).
 20247 | D:14     | 20247 ||| INVOKING Heroism.
 20249 | D:14     | 20249 ||| Stepping ~*~*~tactically~*~*~ (hiding).
 20376 | D:14     | Identified the +3 dagger of Sunlight {antimagic, rPois rF++
                  | rCorr Dex+3}
 20387 | D:14     | 20387 ||| Stepping ~*~*~tactically~*~*~ (hiding).
 20391 | D:14     | 20391 ||| INVOKING Heroism.
 20408 | D:14     | HP: 24/96 [fire dragon/blast of flame (7)]
 20409 | D:14     | 20409 ||| READING 4 scrolls of teleportation.
 20410 | D:14     | 20410 ||| DRINKING potion of heal wounds.
 20611 | D:14     | Identified the +8 hand axe "Rakhiogi" {holy, rC++} (Okawaru
                  | gifted it to you on level 14 of the Dungeon)
 20611 | D:14     | Received a gift from Okawaru
 20668 | D:14     | 20668 ||| DROPPING +2 heavy war axe.
 20682 | D:14     | Identified Roxanne's Papyrus of the Geologist
 20682 | D:14     | Noticed Roxanne
 20683 | D:14     | 20683 ||| INVOKING Heroism.
 20684 | D:14     | 20684 ||| INVOKING Finesse.
 20715 | D:14     | HP: 14/96 [Roxanne/bolt of magma (36)]
 20716 | D:14     | 20716 ||| READING 3 scrolls of teleportation.
 20721 | D:14     | Killed Roxanne
 21135 | D:15     | Entered Level 15 of the Dungeon
 21161 | D:15     | 21161 ||| INVOKING Heroism.
 21260 | D:15     | 21260 ||| Stepping ~*~*~tactically~*~*~ (stealth).
 21343 | D:15     | Received a gift from Okawaru
 21356 | D:15     | Identified the +0 falchion of Plague {freeze, Dex+2 SInv
                  | Stlth-}
 21413 | D:15     | 21413 ||| INVOKING Heroism.
 21434 | D:15     | Received a gift from Okawaru
 21443 | D:15     | Reached skill level 12 in Shields
 21720 | D:15     | 21720 ||| Stepping ~*~*~tactically~*~*~ (stealth).
 21722 | D:15     | Identified the +0 chain mail of Good Intentions {rC+}
 21750 | D:15     | 21750 ||| INVOKING Heroism.
 21760 | D:15     | 21760 ||| INVOKING Finesse.
 21781 | D:15     | 21781 ||| Stepping ~*~*~tactically~*~*~ (stealth).
 21793 | D:15     | 21793 ||| Stepping ~*~*~tactically~*~*~ (hiding).
 21832 | D:15     | 21832 ||| Stepping ~*~*~tactically~*~*~ (stealth).
 21858 | D:15     | Found a staircase to the Depths.
 21860 | D:15     | 21860 ||| Stepping ~*~*~tactically~*~*~ (hiding).
 21862 | D:15     | 21862 ||| Stepping ~*~*~tactically~*~*~ (hiding).
 21867 | D:15     | 21867 ||| Stepping ~*~*~tactically~*~*~ (hiding).
 21868 | D:15     | 21868 ||| Stepping ~*~*~tactically~*~*~ (hiding).
 21871 | D:15     | 21871 ||| INVOKING Heroism.
 21899 | D:15     | Identified the +2 ring mail of Yqu Mia {rPois Will- Str+2}
                  | (Okawaru gifted it to you on level 15 of the Dungeon)
 21899 | D:15     | Received a gift from Okawaru
 22095 | D:15     | 22095 ||| Stepping ~*~*~tactically~*~*~ (hiding).
 22097 | D:15     | 22097 ||| Stepping ~*~*~tactically~*~*~ (hiding).
 22179 | D:15     | 22179 ||| Stepping ~*~*~tactically~*~*~ (stealth).
 22412 | D:15     | 22412 ||| PLANNING ORC
 22412 | D:15     | 22412 ||| DROPPING +0 chain mail of Good Intentions {rC+}.
 22557 | Orc:1    | Entered Level 1 of the Orcish Mines
 22574 | Orc:1    | 22574 ||| Stepping ~*~*~tactically~*~*~ (hiding).
 22575 | Orc:1    | 22575 ||| Stepping ~*~*~tactically~*~*~ (hiding).
 22578 | Orc:1    | 22578 ||| INVOKING Heroism.
 22731 | Orc:1    | 22731 ||| FLEEEEING.
 22732 | Orc:1    | 22732 ||| FLEEEEING.
 22734 | Orc:1    | 22734 ||| FLEEEEING.
 22736 | Orc:1    | 22736 ||| FLEEEEING.
 22737 | Orc:1    | 22737 ||| FLEEEEING.
 22738 | Orc:1    | 22738 ||| Stepping ~*~*~tactically~*~*~ (hiding).
 22739 | Orc:1    | 22739 ||| Stepping ~*~*~tactically~*~*~ (hiding).
 22740 | Orc:1    | 22740 ||| Stepping ~*~*~tactically~*~*~ (hiding).
 22741 | Orc:1    | 22741 ||| Stepping ~*~*~tactically~*~*~ (hiding).
 22743 | Orc:1    | 22743 ||| Stepping ~*~*~tactically~*~*~ (hiding).
 22932 | Orc:2    | Entered Level 2 of the Orcish Mines
 22942 | Orc:2    | 22942 ||| Stepping ~*~*~tactically~*~*~ (stealth).
 22943 | Orc:2    | 22943 ||| Stepping ~*~*~tactically~*~*~ (stealth).
 22949 | Orc:2    | Found a burning altar of Makhleb.
 22977 | Orc:2    | 22977 ||| Stepping ~*~*~tactically~*~*~ (hiding).
 22978 | Orc:2    | 22978 ||| Stepping ~*~*~tactically~*~*~ (hiding).
 22979 | Orc:2    | 22979 ||| Stepping ~*~*~tactically~*~*~ (hiding).
 22980 | Orc:2    | 22980 ||| Stepping ~*~*~tactically~*~*~ (hiding).
 22981 | Orc:2    | 22981 ||| Stepping ~*~*~tactically~*~*~ (hiding).
 22984 | Orc:2    | 22984 ||| INVOKING Heroism.
 22997 | Orc:2    | 22997 ||| Stepping ~*~*~tactically~*~*~ (hiding).
 22999 | Orc:2    | 22999 ||| Stepping ~*~*~tactically~*~*~ (hiding).
 23012 | Orc:2    | Noticed an orc warlord
 23013 | Orc:2    | 23013 ||| INVOKING Finesse.
 23014 | Orc:2    | 23014 ||| INVOKING Finesse.
 23015 | Orc:2    | Noticed Blork the orc
 23018 | Orc:2    | 23018 ||| Stepping ~*~*~tactically~*~*~ (hiding).
 23023 | Orc:2    | Reached XP level 16. HP: 66/101 MP: 17/23
 23048 | Orc:2    | 23048 ||| Stepping ~*~*~tactically~*~*~ (hiding).
 23051 | Orc:2    | Killed Blork the orc
 23055 | Orc:2    | HP: 25/101 [orc warlord/+0 dire flail (10)]
 23056 | Orc:2    | 23056 ||| READING 2 scrolls of teleportation.
 23060 | Orc:2    | HP: 2/101 [orc warrior/+0 trident[an orc warlord] (14)]
 23128 | Orc:2    | 23128 ||| INVOKING Heroism.
 23163 | Orc:2    | 23163 ||| INVOKING Heroism.
 23163 | Orc:2    | HP: 18/101 [warg[an orc knight] (11)]
 23164 | Orc:2    | 23164 ||| READING scroll of teleportation.
 23168 | Orc:2    | Found a staircase to the Elven Halls.
 23482 | Orc:2    | 23482 ||| Stepping ~*~*~tactically~*~*~ (hiding).
 23485 | Orc:2    | 23485 ||| Stepping ~*~*~tactically~*~*~ (hiding).
 23620 | Orc:2    | 23620 ||| INVOKING Heroism.
 23650 | Orc:2    | 23650 ||| Stepping ~*~*~tactically~*~*~ (stealth).
 23660 | Orc:2    | 23660 ||| Stepping ~*~*~tactically~*~*~ (stealth).
 23763 | Orc:2    | 23763 ||| Stepping ~*~*~tactically~*~*~ (hiding).
 23778 | Orc:2    | 23778 ||| Stepping ~*~*~tactically~*~*~ (stealth).
 23780 | Orc:2    | 23780 ||| Stepping ~*~*~tactically~*~*~ (hiding).
 23864 | Orc:2    | Found Jocel's Antique Weapon Boutique.
 23910 | Orc:2    | Found Pidwac's General Store.
 23917 | Orc:2    | 23917 ||| BUYING scroll of enchant armour (105 gold).
 23917 | Orc:2    | Bought a scroll of enchant armour for 105 gold pieces
 23917 | Orc:2    | 23917 ||| BUYING scroll of teleportation (42 gold).
 23917 | Orc:2    | Bought a scroll of teleportation for 42 gold pieces
 23917 | Orc:2    | 23917 ||| READING scroll of enchant armour.
 23917 | Orc:2    | 23917 ||| ENCHANTING +1 plate armour.
 23946 | Orc:2    | Found Taamnek's Antique Armour Boutique.
 23954 | Orc:2    | 23954 ||| SHOPLISTING ancient plate armour (1092 gold, have
                  | 999).
 23954 | Orc:2    | 23954 ||| BUYING jewelled chain mail (370 gold).
 23954 | Orc:2    | Bought a jewelled chain mail for 370 gold pieces
 23954 | Orc:2    | Identified the +6 chain mail "Goastrom" {rCorr Str+3 Dex+3
                  | SInv} (You bought it in a shop on level 2 of the Orcish
                  | Mines)
 23970 | Orc:2    | Found Jerghu Ivul's Jewellery Boutique.
 23976 | Orc:2    | 23976 ||| BUYING amulet of reflection (360 gold).
 23976 | Orc:2    | Bought an amulet of reflection for 360 gold pieces
 23976 | Orc:2    | 23976 ||| SHOPLISTING ring of ice (300 gold, have 269).
 24081 | Orc:2    | 24081 ||| PLANNING SNAKE:1-3
 24081 | Orc:2    | 24081 ||| DROPPING +2 plate armour of poison resistance.
 24082 | Orc:2    | 24082 ||| DROPPING +1 chain mail of cold resistance.
 24083 | Orc:2    | 24083 ||| UPGRADING to +1 plate armour of cold resistance.
 24093 | Orc:2    | 24093 ||| DROPPING +2 plate armour.
 24094 | Orc:2    | 24094 ||| UPGRADING to +6 chain mail "Goastrom" {rCorr
                  | Str+3 Dex+3 SInv}.
 24104 | Orc:2    | 24104 ||| REMOVING ring of see invisible.
 24105 | Orc:2    | 24105 ||| UPGRADING to +4 ring of protection.
 24106 | Orc:2    | 24106 ||| DROPPING ring of see invisible.
 24285 | Snake:1  | Entered Level 1 of the Snake Pit
 24307 | Snake:1  | 24307 ||| Stepping ~*~*~tactically~*~*~ (hiding).
 24564 | Snake:1  | Reached skill level 15 in Shields
 24602 | Snake:1  | 24602 ||| Stepping ~*~*~tactically~*~*~ (hiding).
 24603 | Snake:1  | 24603 ||| Stepping ~*~*~tactically~*~*~ (hiding).
 24697 | Snake:1  | Reached skill level 3 in Dodging
 25022 | Snake:2  | 25022 ||| INVOKING Heroism.
 25030 | Snake:2  | HP: 21/101 [salamander/+0 halberd (10)]
 25031 | Snake:2  | 25031 ||| READING scroll of teleportation.
 25032 | Snake:2  | 25032 ||| DRINKING potion of heal wounds.
 25035 | Snake:2  | Noticed a nagaraja
 25035 | Snake:2  | Noticed Aizul
 25052 | Snake:2  | HP: 15/101 [nagaraja/+0 whip of holy wrath (12)]
 25053 | Snake:2  | HP: 4/101 [salamander/+0 trident (4)]
 25053 | Snake:2  | Mangled by a salamander

Levels and vault maps discovered:
D:1:      erik_arrival_cave_to_civilisation [erik_arrival_cave_to_hall],
          layout_basic
D:2:      layout_loops_ring, uniq_jessica
D:3:      cheibrodos_greedy_goblins, layout_basic,
          nicolae_overflow_hallway_of_the_gods, serial_bayou,
          serial_bayou_pond_c, serial_bayou_lagoon_b, serial_bayou_ford_a,
          serial_bayou_shore_b, serial_bayou_lake_a, serial_bayou_shore_a,
          dk_noncrumbling_3, uniq_robin
D:4:      gammafunk_wand_slinger, layout_loops_ring,
          minmay_temple_entry_mini_moons, serial_shops, shop,
          minmay_misc_feat_square, patterned_corridor
D:5:      layout_basic, kennysheep_vampire_church, mainiacjoe_overflow_24_doors,
          gammafunk_ghost_cemetery, hangedman_abyss_or_decor_jellyfish_corner
D:6:      layout_cave_pods, amcnicky_altar_gilded, item_on_display_b,
          uniq_crazy_yiuf_cottage
D:7:      layout_cave_pods, mainiacjoe_overflow_alcove_2, nicolae_island_escapes
D:8:      layout_cave_pools, kennysheep_little_box, erik_lair_orcish_takeover,
          serial_shops, nicolae_shop_behind_doors, shop, enter_bailey_2,
          uniq_gastronok
D:9:      layout_basic
D:10:     layout_irregular_city, hiddenorc2_lemuel, serial_rivers,
          chequers_serial_rivers_micro_c, chequers_serial_rivers_micro_e,
          chequers_serial_rivers_micro_c, chequers_serial_rivers_small_3,
          dreamdust_princess_bridge, corexii_leaking_fountain
D:11:     layout_roguey, serial_shops, shop, shop, nicolae_diode_stairs
D:12:     layout_small_grid, uniq_jorgrun, uniq_maurice, uniq_josephine
D:13:     layout_cave_pools, grunt_vaults_entry_fortified,
          ebering_ghost_inner_flame, nicolae_alphabet_shops,
          minmay_misc_feat_tower, nicolae_two_hexagons,
          chequers_serial_rivers_micro_b, uniq_kirke
D:14:     layout_roguey, chequers_jeans, uniq_roxanne
D:15:     hangedman_depths_entry_civil_slaughter, layout_basic,
          nicolae_figureground_sparkle
Lair:1:   layout_misc_corridors, uniq_amaemon
Lair:2:   layout_chaotic_city, swamp_mist, nicolae_lair_liquid_snakes
Lair:3:   layout_long_grid, minmay_snake_entry_guardpost_medium,
          lightli_volcano_entry_magma_tube, basic_altar,
          gammafunk_ghost_hydra_chop
Lair:4:   beast_lair_carwin_large_3, layout_loops_ring, slime_entry_1
Lair:5:   wormcave, layout_regular_city, grunt_megastairs_3,
          infiniplex_staircase_pool_2
Snake:1:  layout_misc_corridors
Snake:2:  layout_misc_corridors, basic_altar, grunt_ministairs_1, st_stairs_1,
          lemuel_fruit_tree, uniq_aizul, uniq_vashnia, uniq_asterion
Orc:1:    orc_temple, layout_caves
Orc:2:    grunt_orc_cross, layout_caves, bloody_makhleb

Skill      XL: |  1  2  3  4  5  6  7  8  9 10 11 12 13 14 15 16 |
---------------+-------------------------------------------------+-----
Axes           | 2 3 4 5 6 8 9 10 11 13 14 16 | 16.7
Fighting       | 4 5 7 9 10 11 12 | 12.0
Invocations    | 3 4 5 9 10 | 10.0
Throwing       | 1 2 3 4 5 |  5.0
Armour         | 4 6 8 9 10 11 | 11.0
Dodging        | 1 2 3 |  3.0
Shields        | 4 5 6 7 8 14 15 | 15.6

Action                     |  1- 3 |  4- 6 |  7- 9 | 10-12 | 13-15 | 16-18 || total
---------------------------+-------+-------+-------+-------+-------+-------++-------
  Melee: War axe           |    78 |   255 |   256 |   321 |   355 |       ||  1265
         Kick              |       |       |    19 |    95 |   325 |    81 ||   520
         Demon whip        |       |       |       |     3 |     1 |       ||     4
         Broad axe         |       |       |       |       |   542 |   239 ||   781
         Hand axe          |       |       |       |       |    28 |       ||    28
  Throw: Javelin           |       |       |    46 |   105 |   136 |     1 ||   288
         Boomerang         |       |       |       |       |    95 |     9 ||   104
 Invoke: Heroism           |       |       |     9 |    21 |    32 |     4 ||    66
         Finesse           |       |       |       |       |    10 |       ||    10
    Use: Scroll            |     2 |    10 |     3 |     5 |    10 |     4 ||    34
         Potion            |       |     2 |     5 |     1 |     4 |     1 ||    13
 Armour: Scale mail        |    34 |    40 |       |       |       |       ||    74
         Plate armour      |       |   168 |   268 |   187 |   516 |    27 ||  1166
         Chain mail        |       |       |       |       |       |    90 ||    90
  Dodge: Dodged            |    35 |    85 |   116 |   103 |   246 |    52 ||   637
         Repelled          |       |       |       |     4 |     5 |     3 ||    12
  Block: Buckler           |    14 |    67 |    61 |    66 |   101 |       ||   309
         Tower shield      |       |       |       |       |   260 |   211 ||   471

Table legend:
 A = Non-vault XP
 B = Vault XP
 C = Vault XP percentage of total XP
 D = Non-vault monster count
 E = Vault monster count
 F = Vault count percentage of total count
                 A         B        C        D         E       F
            +---------+---------+-------+---------+---------+-------
      Total |  101189 |   47142 |  31.8 |     473 |     195 |  29.2
            +---------+---------+-------+---------+---------+-------
        D:1 |      17 |       4 |  19.0 |      11 |       2 |  15.4
        D:2 |      66 |      37 |  35.9 |      14 |       1 |   6.7
        D:3 |      54 |      53 |  49.5 |      20 |      21 |  51.2
        D:4 |     282 |       0 |   0.0 |      14 |       0 |   0.0
        D:5 |    1167 |     124 |   9.6 |      23 |       8 |  25.8
        D:6 |     511 |       0 |   0.0 |      12 |       0 |   0.0
        D:7 |     890 |       0 |   0.0 |      28 |       0 |   0.0
        D:8 |    2662 |    2164 |  44.8 |      29 |      10 |  25.6
        D:9 |    3039 |       0 |   0.0 |      17 |       0 |   0.0
       D:10 |    3023 |     428 |  12.4 |      22 |      32 |  59.3
       D:11 |    2454 |       0 |   0.0 |      23 |       0 |   0.0
       D:12 |    2814 |    4286 |  60.4 |       6 |       8 |  57.1
       D:13 |    7636 |    8867 |  53.7 |      19 |      15 |  44.1
       D:14 |    9059 |    1400 |  13.4 |      28 |       1 |   3.4
       D:15 |   19986 |    4162 |  17.2 |      35 |       6 |  14.6
     Lair:1 |    8392 |    1222 |  12.7 |      28 |       2 |   6.7
     Lair:2 |    6269 |     253 |   3.9 |      27 |       5 |  15.6
     Lair:3 |    3433 |     977 |  22.2 |      14 |       6 |  30.0
     Lair:4 |    4432 |    2956 |  40.0 |      16 |       9 |  36.0
     Lair:5 |   11294 |   10993 |  49.3 |      36 |      30 |  45.5
    Snake:1 |    4506 |       0 |   0.0 |      10 |       0 |   0.0
    Snake:2 |    5428 |    1777 |  24.7 |      11 |       4 |  26.7
      Orc:1 |    1333 |       0 |   0.0 |      10 |       0 |   0.0
      Orc:2 |    2442 |    7439 |  75.3 |      20 |      35 |  63.6
            +---------+---------+-------+---------+---------+-------
